 Dungeon Crawl Stone Soup version 0.28.0-43-g3370ac3207 (webtiles) character file.

Game seed: 4482628123792091121

3666 GloriousHammer the Spear-Bearer (level 10, -4/83 HPs)
             Began as a Hill Orc Monk on Mar 25, 2022.
             Was a Believer of Beogh.
             Slain by a two-headed ogre
             ... wielding a +0 great mace
              (15 damage)
             ... on level 8 of the Dungeon on Mar 26, 2022.
             The game lasted 00:27:55 (11022 turns).

GloriousHammer the Spear-Bearer (Hill Orc Monk)    Turns: 11022, Time: 00:27:56

Health: -4/83      AC: 10    Str: 17    XL:     10   Next: 12%
Magic:  13/13      EV:  8    Int: 10    God:    Beogh [**....]
Gold:   473        SH:  0    Dex: 15    Spells: 9/9 levels left

rFire   . . .      SeeInvis .   a - +0 trident
rCold   . . .      Faith    .   (no shield)
rNeg    . . .      Spirit   .   d - +0 chain mail
rPois   .          Reflect  .   (no helmet)
rElec   .          Harm     .   x - +0 cloak
rCorr   .          Rampage  .   (no gloves)
Will    .....                   (no boots)
Stlth   ..........              (no amulet)
HPRegen 0.23/turn               p - +4 ring of slaying
MPRegen 0.13/turn               H - ring of wizardry

@: no status effects
A: no striking features
a: Renounce Religion, Smiting


You were on level 8 of the Dungeon.
You worshipped Beogh.
Beogh was pleased with you.
You visited 1 branch of the dungeon, and saw 9 of its levels.

You collected 473 gold pieces.

Inventory:

Hand Weapons
 a - a +0 trident (weapon)
 b - a +0 hunting sling
Missiles
 i - 156 stones
 j - 36 sling bullets
 n - 41 poisoned darts (quivered)
 q - 3 silver javelins
 s - 5 javelins
 I - 4 atropa-tipped darts
Armour
 d - a +0 chain mail (worn)
 o - a +0 robe
 x - a +0 cloak (worn)
 F - the +0 ring mail "Gisitz" {rPois Dex+2 Stlth+}
   (You found it on level 7 of the Dungeon)

   Dex:       It affects your dexterity (+2).
   rPois:     It protects you from poison.
   Stlth:     It makes you more stealthy.
Jewellery
 p - a +4 ring of slaying (left hand)
 t - a ring of ice
 H - a ring of wizardry (right hand)
Wands
 A - a wand of acid (18)
 D - a wand of mindburst (17)
Scrolls
 g - a scroll of immolation {unknown}
 k - 2 scrolls of enchant weapon
 l - a scroll of fear {unknown}
 m - 5 scrolls of teleportation
 y - a scroll of enchant armour {unknown}
 B - a scroll of vulnerability {unknown}
 E - a scroll of amnesia {unknown}
Potions
 c - 7 potions of flight
 f - 3 potions of curing
 r - a potion of invisibility
 u - a potion of mutation {unknown}
 v - a potion of degeneration {unknown}
 w - a potion of magic {unknown}
 z - a potion of might {unknown}
 C - a potion of brilliance {unknown}
 G - 2 potions of attraction


   Skills:
 + Level 6.1 Fighting
 + Level 12.0 Polearms
 + Level 3.6 Throwing
 + Level 4.3 Armour
 + Level 4.3 Dodging
 - Level 1.5 Stealth
 + Level 5.3 Invocations


You had 9 spell levels left.
You didn't know any spells.
Your spell library contained the following spells:

 Spells                   Type           Power      Damage    Failure   Level
 Apportation              Tloc           0%         N/A       88%         1
 Foxfire                  Conj/Fire      0%         2x1d4     88%         1
 Ensorcelled Hibernation  Hex/Ice        0%         N/A       95%         2
 Sublimation of Blood     Necr           0%         N/A       95%         2
 Wereblood                Tmut           0%         N/A       95%         2
 Conjure Flame            Conj/Fire      0%         6-21      99%         3
 Inner Flame              Hex/Fire       0%         N/A       99%         3
 Mephitic Cloud           Conj/Pois/Air  0%         N/A       99%         3
 Spider Form              Tmut/Pois      0%         N/A       99%         3
 Anguish                  Hex/Necr       0%         N/A       100%        4
 Flame Wave               Conj/Fire      0%         2d4       100%        4
 Lightning Bolt           Conj/Air       0%         1d11      100%        5
 Summon Hydra             Summ           0%         N/A       100%        7
 Maxwell's Capacitive Co  Air            0%         ∞         100%        8


Dungeon Overview and Level Annotations

Branches:
Dungeon (9/15)             Temple (0/1) D:7
   Lair: D:8-11         Orc: D:9-12

Altars:
Kikubaaqudgha
Uskayaw

Shops:
D:6 [   D:8 *

Annotations:
D:5 pikur
D:7 1 runed translucent door ghost, Aarinfel's ghost, novice GrGl
D:8 Gastronok


Message History

Reach: a) +0 trident
Press: ? - help, Dir - move target, f/p - orc warrior
Aim: an orc warrior, wielding a +0 halberd and wearing a +0 chain mail (moderately wounded, poisoned, about 32% to evade your +0 trident)
You reach to attack!
You hit the orc warrior.
The orc warrior is moderately wounded.
Reach: a) +0 trident
Press: ? - help, Dir - move target, f/p - orc warrior
Aim: an orc warrior, wielding a +0 halberd and wearing a +0 chain mail (moderately wounded, poisoned, about 32% to evade your +0 trident)
You reach to attack!
You barely miss the orc warrior.
The orc warrior is moderately wounded.
An orc priest comes into view. It is wielding a +0 club.
The orc warrior hits you from afar with a +0 halberd!!
The orc warrior looks more healthy.
You see here a +0 short sword.
An orc wizard comes into view. It is wielding a +0 dagger.
Things that are here:
a +0 club; a kobold corpse You see here a +0 short sword.
Things that are here:
a +0 flail; a +0 spear
Items here: ))) ÷.
Things that are here:
a +0 spear; a +0 scale mail; a gnoll skeleton You see here a gnoll skeleton.
The orc wizard gestures wildly while chanting.
The orc wizard flickers and vanishes!
Deactivating autopickup; reactivate with Ctrl-A.
The orc priest calls down the wrath of Beogh upon you.
Beogh smites you!
There is a stone staircase leading up here.
You can't go down here!
The orc warrior hits you from afar with a +0 halberd!
* * * LOW HITPOINT WARNING * * *
You climb upwards.
Level annotation: Gastronok Reactivating autopickup.
The two-headed ogre hits you with a +0 great mace.
* * * LOW HITPOINT WARNING * * *
The two-headed ogre hits you with a +0 giant club!
You die...

....8......#############......##
....<............O............#
..8.∩.8..##.....############..##
.........##.##.....### ##..#
....8....#..##..)....## #..#
(..wr....#..#.....)<..## ##.##
..$.....##.#......[[...# #..#
........##.#...........# ##.#
...^...###......@......# #..
.......###.....O......## #..
#.............# #### ##.
#............## ##...###.
#............# ##......##
##............# #.........
#............####.........
#...........## #..........
##...........# ##..........


You could see a two-headed ogre.

Vanquished Creatures
  Pikel (D:5)
  Prince Ribbit (D:5)
  4 yaks (D:7)
  Edmund (D:5)
  Duvessa (D:4)
  A water moccasin (D:6)
  2 orc warriors
  A necrophage (D:4)
  A black bear (D:7)
  A lemure (D:5)
  A phantom (D:6)
  2 centaurs
  2 kobold brigands
  A gnoll sergeant (D:9)
  3 scorpions (D:6)
  Dowan (D:4)
  2 howler monkeys
  4 wights
  3 centaur zombies
  3 bullfrog zombies
  A hound (D:5)
  3 orc priests
  A bullfrog skeleton (D:5)
  4 centaur skeletons
  Crazy Yiuf (D:4)
  Ijyb (D:5)
  2 iguanas
  A hound skeleton (D:4)
  9 gnolls
  A howler monkey skeleton (D:5)
  5 adders
  A white imp (D:5)
  An adder skeleton (D:4)
  5 worms
  15 orcs
  10 ball pythons
  11 endoplasms
  3 giant cockroaches
  7 goblins
  6 hobgoblins
  A quokka (D:2)
  5 bats
  8 frilled lizards
  13 kobolds
  5 rats
156 creatures vanquished.

Vanquished Creatures (others)
  An orc priest (D:6)
  A fungus (D:4)
2 creatures vanquished.

Grand Total: 158 creatures vanquished

Notes
Turn   | Place    | Note
-------+----------+-------------------------------------------
     0 | D:1      | GloriousHammer the Hill Orc Monk began the quest for the
                  | Orb.
     0 | D:1      | Reached XP level 1. HP: 19/19 MP: 1/1
   341 | D:1      | Reached XP level 2. HP: 23/26 MP: 2/2
   426 | D:1      | Got the Handbook of the Meadowlark
   450 | D:1      | Reached skill level 4 in Polearms
   918 | D:2      | Reached XP level 3. HP: 31/31 MP: 3/3
  1625 | D:2      | Reached skill level 5 in Polearms
  1726 | D:2      | Found a faded altar of an unknown god.
  1991 | D:3      | Reached XP level 4. HP: 28/39 MP: 4/4
  2306 | D:3      | Reached skill level 6 in Polearms
  2440 | D:3      | Reached XP level 5. HP: 36/45 MP: 5/5
  3007 | D:4      | Noticed a necrophage
  3023 | D:4      | Killed a necrophage
  3024 | D:4      | Reached skill level 7 in Polearms
  3024 | D:4      | Reached XP level 6. HP: 40/51 MP: 6/6
  3315 | D:4      | Noticed Dowan
  3316 | D:4      | Noticed Duvessa
  3339 | D:4      | Killed Duvessa
  3340 | D:4      | Reached skill level 8 in Polearms
  3342 | D:4      | Killed Dowan
  3732 | D:4      | Reached XP level 7. HP: 56/57 MP: 7/7
  4351 | D:4      | Found a runed translucent door.
  4352 | D:4      | Noticed Crazy Yiuf
  4366 | D:4      | Killed Crazy Yiuf
  4755 | D:5      | Entered Level 5 of the Dungeon
  4946 | D:6      | Reached skill level 9 in Polearms
  5471 | D:5      | HP: 1/51 [wight/+0 morningstar (7)]
  5473 | D:5      | Reached skill level 10 in Polearms
  5820 | D:6      | Reached XP level 8. HP: 4/57 MP: 8/8
  6337 | D:6      | Reached skill level 11 in Polearms
  6381 | D:6      | Became a worshipper of Beogh the Brigand
  6381 | D:6      | Reached * piety under Beogh
  6381 | D:6      | Reached ** piety under Beogh
  6940 | D:6      | Found Zumuiwni's Armour Emporium.
  6965 | D:7      | Found a hide-covered altar of Uskayaw.
  6967 | D:7      | Found an ancient bone altar of Kikubaaqudgha.
  7051 | D:7      | Found a runed translucent door.
  7072 | D:7      | Noticed Aarinfel's ghost (novice GrGl)
  7104 | D:7      | Found a staircase to the Ecumenical Temple.
  7121 | D:7      | Identified the +0 ring mail "Gisitz" {rPois Dex+2 Stlth+}
  7142 | D:7      | Reached skill level 1 in Invocations
  7291 | D:7      | Reached skill level 1 in Armour
  7573 | D:8      | Reached skill level 1 in Throwing
  7573 | D:8      | Reached XP level 9. HP: 16/71 MP: 6/10
  7911 | D:8      | Found Lonemm's Assorted Antiques.
  8604 | D:7      | Reached skill level 12 in Polearms
  8848 | D:8      | Noticed Gastronok
  9122 | D:5      | Noticed Prince Ribbit
  9140 | D:5      | Killed Prince Ribbit
  9141 | D:5      | Reached skill level 5 in Fighting
  9150 | D:5      | Noticed Pikel
  9182 | D:5      | Killed Pikel
  9598 | D:5      | Noticed Edmund
  9625 | D:5      | Killed Edmund
  9630 | D:5      | Noticed Ijyb
  9644 | D:5      | Killed Ijyb
 10105 | D:5      | Reached XP level 10. HP: 76/76 MP: 13/13
 10646 | D:8      | Noticed a two-headed ogre
 10706 | D:9      | Reached skill level 5 in Invocations
 11022 | D:8      | Slain by a two-headed ogre

Illustrated notes

Levels and vault maps discovered:
D:1:      heliophobic_arrival_dark_side_of_the_moon, layout_basic
D:2:      layout_basic, dreamdust_ecumenical_altar_hidden_monk_grotto
D:3:      layout_loops_ring, minmay_misc_feat_four_crosses,
          minmay_misc_feat_rows, grunt_ministairs_12
D:4:      layout_cave_pods, serial_glass, glass_columns_a, glass_columns_a,
          kennysheep_small_circle, uniq_duvessa, uniq_crazy_yiuf_cottage
D:5:      layout_cave_pods, uniq_ijyb, uniq_prince_ribbit1, uniq_edmund,
          uniq_pikel
D:6:      layout_loops_ring, serial_shops, kennysheep_mini_moat
D:7:      layout_cave_pools, chequers_temple_overflow_statue_of_worship,
          minmay_temple_entry_wispy, hellmonk_ghost_happy_afterlife,
          chequers_serial_rivers_small_3
D:8:      layout_cave_pods, special_room [special_room_orc], serial_shops,
          nicolae_shop_statue_plus, uniq_gastronok
D:9:      layout_loops_ring, mainiacjoe_overflow_catch_the_wave, orc_0_dummy,
          hangedman_abyss_or_decor_passed, minmay_three_doors, uniq_erolcha

Skill      XL: |  1  2  3  4  5  6  7  8  9 10 |
---------------+-------------------------------+-----
Polearms       | 4 5 6 7 8 10 11 12 | 12.0
Invocations    | 1 4 5 |  5.3
Armour         | 1 3 4 |  4.3
Fighting       | 4 5 6 |  6.1
Throwing       | 1 3 |  3.6
Dodging        | 4 |  4.3
Stealth        | |  1.5

Action                   |  1- 3 |  4- 6 |  7- 9 | 10-12 || total
-------------------------+-------+-------+-------+-------++-------
Melee: Spear             |   153 |   160 |   442 |    21 ||   776
       Punch             |     1 |     1 |     9 |       ||    11
       Trident           |       |       |       |    23 ||    23
 Fire: Hunting sling     |       |     6 |    24 |    17 ||    47
Throw: Stone             |    11 |     5 |     2 |       ||    18
       Dart              |       |       |       |     4 ||     4
Invok: Smiting           |       |       |     5 |       ||     5
       Convert to Beogh  |       |       |     1 |       ||     1
Evoke: Wand              |       |       |     3 |     2 ||     5
  Use: Potion            |       |     1 |     1 |       ||     2
       Scroll            |       |       |       |     6 ||     6
Armor: Chain mail        |    51 |    64 |   133 |    13 ||   261
       Robe              |     2 |       |       |       ||     2
Dodge: Dodged            |    29 |    39 |    97 |    13 ||   178
